| TOP OF THE 1ST |
|---|
| Baltimore Orioles batting - Pitching for New York Mets : LHP Tommy John | | Pitching: LHP Tommy John | | | Batting: RHB Don Baylor | 0-0: Called Strike 0-1: Ball 1-1: Ball 2-1: Fly out, F8 (Flyball, 8LM) | | Batting: RHB Davey Johnson | 0-0: Ball 1-0: Foul Ball, location: 2F 1-1: Ground out 6-3 (Groundball, 56) | | Batting: RHB Ron Cey | 0-0: Ball 1-0: Ball 2-0: Foul Ball, location: 2F 2-1: Ball 3-1: Base on Balls | | Batting: LHB Dave May | 0-0: Ball Wild Pitch! Ron Cey to second 1-0: Ball 2-0: Ball 3-0: Called Strike 3-1: Foul Ball, location: 2F 3-2: Base on Balls | | Batting: RHB Bobby Grich | 0-0: Swinging Strike 0-1: Called Strike 0-2: Ball 1-2: Ball 2-2: Foul Ball, location: 2F 2-2: Strikes out swinging | | Top of the 1st over - 0 runs, 0 hits, 0 errors, 2 left on base; Baltimore 0 - New York 0 | | BOTTOM OF THE 1ST |
|---|
| New York Mets batting - Pitching for Baltimore Orioles : LHP Dave McNally | | Pitching: LHP Dave McNally | | | Batting: RHB Joe Foy | 0-0: Foul Ball, location: 2F 0-1: Called Strike 0-2: Ground out U3 (Groundball, 3) | | Batting: SHB Bud Harrelson | 0-0: Ball 1-0: Ball 2-0: Ball 3-0: Called Strike 3-1: Swinging Strike 3-2: TRIPLE (Flyball, 9D) | | Batting: SHB Ken Singleton | 0-0: Called Strike 0-1: Foul Ball, location: 2F 0-2: Foul Ball, location: 2F 0-2: Foul Ball, location: 2F 0-2: Fly out, F8 (Flyball, 8LS) Runner from 3rd tags up, SCORES, no throw | | Batting: RHB Bobby Bonds | 0-0: Ball 1-0: Fly out, F9 (Flyball, 89S) | | Bottom of the 1st over - 1 run, 1 hit, 0 errors, 0 left on base; Baltimore 0 - New York 1 | | TOP OF THE 2ND |
|---|
| Baltimore Orioles batting - Pitching for New York Mets : LHP Tommy John | | Batting: LHB Boog Powell | 0-0: Ball 1-0: Foul Ball, location: 2F 1-1: Ground out 4-3 (Groundball, 4) | | Batting: RHB Lamar Johnson | 0-0: Called Strike 0-1: Ball 1-1: Ball 2-1: Called Strike 2-2: Ground out 6-3 (Groundball, 56) | | Batting: RHB Paul Blair | 0-0: Ball 1-0: Swinging Strike 1-1: Ball 2-1: Called Strike 2-2: Strikes out looking | | Top of the 2nd over - 0 runs, 0 hits, 0 errors, 0 left on base; Baltimore 0 - New York 1 | | BOTTOM OF THE 2ND |
|---|
| New York Mets batting - Pitching for Baltimore Orioles : LHP Dave McNally | | Batting: RHB Leroy Stanton | 0-0: Ball 1-0: Ball 2-0: Called Strike 2-1: SINGLE (Line Drive, 8RS) | | Batting: LHB Carlos May | 0-0: Ball 1-0: Called Strike 1-1: SINGLE (Line Drive, 34D) Leroy Stanton to second | | Batting: LHB Jorge Orta | 0-0: Called Strike 0-1: Called Strike 0-2: Ball 1-2: SINGLE (Groundball, 6D) Leroy Stanton to third Carlos May to second | | Batting: LHB Tim McCarver | 0-0: Swinging Strike 0-1: Ball 1-1: Swinging Strike 1-2: Fly out, F9 (Flyball, 9) Runner from 3rd tags up, SCORES, throw made | | Batting: RHB Tommy John | 0-0: Sac Bunt - play at first, batter OUT! 1-4 Carlos May to third Jorge Orta to second | | Batting: RHB Joe Foy | 0-0: Called Strike 0-1: Swinging Strike 0-2: Fly out, F7 (Flyball, 7) | | Bottom of the 2nd over - 1 run, 3 hits, 0 errors, 2 left on base; Baltimore 0 - New York 2 | | TOP OF THE 3RD |
|---|
| Baltimore Orioles batting - Pitching for New York Mets : LHP Tommy John | | Batting: RHB Dave McNally | 0-0: Ball 1-0: Swinging Strike 1-1: Swinging Strike 1-2: Strikes out looking | | Batting: RHB Don Baylor | 0-0: Called Strike 0-1: Ball 1-1: Ground out 1-3 (Groundball, 15S) | | Batting: RHB Davey Johnson | 0-0: Ball 1-0: Called Strike 1-1: Ball 2-1: Foul Ball, location: 2F 2-2: Ball 3-2: Base on Balls | | Batting: RHB Ron Cey | 0-0: Fly out, F7 (Line Drive, 78M) | | Top of the 3rd over - 0 runs, 0 hits, 0 errors, 1 left on base; Baltimore 0 - New York 2 | | BOTTOM OF THE 3RD |
|---|
| New York Mets batting - Pitching for Baltimore Orioles : LHP Dave McNally | | Batting: SHB Bud Harrelson | 0-0: Foul Ball, location: 2F 0-1: Swinging Strike 0-2: Strikes out swinging | | Batting: SHB Ken Singleton | 0-0: SINGLE (Line Drive, 56D) | | Batting: RHB Bobby Bonds | 0-0: Ball 1-0: Fielders Choice at 2nd, 4-6 (Groundball, 34) | | Batting: RHB Leroy Stanton | 0-0: Ball 1-0: Ball 2-0: Ball 3-0: Called Strike 3-1: Base on Balls Bobby Bonds to second | | Batting: LHB Carlos May | 0-0: Ball 1-0: Foul Ball, location: 2F 1-1: Fielders Choice at 2nd, 6-4 (Groundball, 6) | | Bottom of the 3rd over - 0 runs, 1 hit, 0 errors, 2 left on base; Baltimore 0 - New York 2 | | TOP OF THE 4TH |
|---|
| Baltimore Orioles batting - Pitching for New York Mets : LHP Tommy John | | Batting: LHB Dave May | 0-0: Foul Ball, location: 2F 0-1: Ball 1-1: Swinging Strike 1-2: Ball 2-2: Ground out U3 (Groundball, 3) | | Batting: RHB Bobby Grich | 0-0: Fly out, F8 (Flyball, 78D) | | Batting: LHB Boog Powell | 0-0: Called Strike 0-1: Foul Ball, location: 2F 0-2: Ball 1-2: Ball 2-2: Foul Ball, location: 2F 2-2: SINGLE (Flyball, 4MD) | | Batting: RHB Lamar Johnson | 0-0: Ball 1-0: SINGLE (Groundball, 34) (infield hit) Boog Powell to second | | Batting: RHB Paul Blair | 0-0: Ball 1-0: SINGLE (Groundball, 6D) Boog Powell to third Lamar Johnson to second Runner from 3rd tries for Home, SAFE, throw made home | | Batting: RHB Dave McNally | 0-0: Called Strike 0-1: Foul Ball, location: 2F 0-2: Strikes out swinging | | Top of the 4th over - 1 run, 3 hits, 0 errors, 2 left on base; Baltimore 1 - New York 2 | | BOTTOM OF THE 4TH |
|---|
| New York Mets batting - Pitching for Baltimore Orioles : LHP Dave McNally | | Batting: LHB Jorge Orta | 0-0: Called Strike 0-1: Called Strike 0-2: Strikes out swinging | | Batting: LHB Tim McCarver | 0-0: Ground out 4-3 (Groundball, 4) | | Batting: RHB Tommy John | 0-0: Ball 1-0: Ground out 4-3 (Groundball, 4) | | Bottom of the 4th over - 0 runs, 0 hits, 0 errors, 0 left on base; Baltimore 1 - New York 2 | | TOP OF THE 5TH |
|---|
| Baltimore Orioles batting - Pitching for New York Mets : LHP Tommy John | | Batting: RHB Don Baylor | 0-0: Called Strike 0-1: Called Strike 0-2: Foul Ball, location: 2F 0-2: Ball 1-2: Foul Ball, location: 2F 1-2: Ball 2-2: Ball 3-2: Foul Ball, location: 2F 3-2: Base on Balls | | Batting: RHB Davey Johnson | 0-0: Called Strike 0-1: Ball 1-1: Grounds into double play, 4-6-3 (Groundball, 4) | | Batting: RHB Ron Cey | 0-0: Ball 1-0: Foul Ball, location: 2F 1-1: Ground out 6-3 (Groundball, 6) | | Top of the 5th over - 0 runs, 0 hits, 0 errors, 0 left on base; Baltimore 1 - New York 2 | | BOTTOM OF THE 5TH |
|---|
| New York Mets batting - Pitching for Baltimore Orioles : LHP Dave McNally | | Batting: RHB Joe Foy | 0-0: Called Strike 0-1: Ball 1-1: Ball 2-1: Ground out 6-3 (Groundball, 6) | | Batting: SHB Bud Harrelson | 0-0: Called Strike 0-1: Foul Ball, location: 2F 0-2: Strikes out looking | | Batting: SHB Ken Singleton | 0-0: SINGLE (Flyball, 78S) | | Batting: RHB Bobby Bonds | 0-0: Ball 1-0: Ball 2-0: Ball 3-0: Called Strike 3-1: Foul Ball, location: 2F 3-2: Ground out 6-3 (Groundball, 6S) | | Bottom of the 5th over - 0 runs, 1 hit, 0 errors, 1 left on base; Baltimore 1 - New York 2 | | TOP OF THE 6TH |
|---|
| Baltimore Orioles batting - Pitching for New York Mets : LHP Tommy John | | Batting: LHB Dave May | 0-0: Called Strike 0-1: Ball 1-1: SINGLE (Flyball, 8RS) | | Batting: RHB Bobby Grich | 0-0: Ball 1-0: Called Strike 1-1: Ball 2-1: Ground out 6-3 (Groundball, 6S) Dave May to second | | Batting: LHB Boog Powell | 0-0: Ground out 5-3 (Groundball, 56) | | Batting: RHB Lamar Johnson | 0-0: Ball 1-0: Called Strike 1-1: SINGLE (Groundball, 56S) (infield hit) Dave May to third | | Batting: RHB Paul Blair | 0-0: Called Strike 0-1: Ball 1-1: Fly out, F8 (Flyball, 8RM) | | Top of the 6th over - 0 runs, 2 hits, 0 errors, 2 left on base; Baltimore 1 - New York 2 | | BOTTOM OF THE 6TH |
|---|
| New York Mets batting - Pitching for Baltimore Orioles : LHP Dave McNally | | Batting: RHB Leroy Stanton | 0-0: Ball 1-0: Foul Ball, location: 2F 1-1: Fly out, F9 (Flyball, 9S) | | Batting: LHB Carlos May | 0-0: Swinging Strike 0-1: Ball 1-1: Ball 2-1: Ball 3-1: Called Strike 3-2: Foul Ball, location: 2F 3-2: SINGLE (Flyball, 89M) | | Batting: LHB Jorge Orta | 0-0: Called Strike 0-1: Ball 1-1: Called Strike Carlos May steals 2nd base 1-2: Strikes out looking | | Batting: LHB Tim McCarver | 0-0: Intentional Walk | | Batting: RHB Tommy John | 0-0: Fielders Choice at 2nd, 6-4 (Groundball, 6) | | Bottom of the 6th over - 0 runs, 1 hit, 0 errors, 2 left on base; Baltimore 1 - New York 2 | | TOP OF THE 7TH |
|---|
| Baltimore Orioles batting - Pitching for New York Mets : LHP Tommy John | | Batting: RHB Dave McNally | 0-0: Swinging Strike 0-1: Ball 1-1: Foul Ball, location: 2F 1-2: Strikes out swinging | | Batting: RHB Don Baylor | 0-0: Called Strike 0-1: Swinging Strike 0-2: Foul Ball, location: 2F 0-2: Ball 1-2: Strikes out swinging | | Batting: RHB Davey Johnson | 0-0: Foul Ball, location: 2F 0-1: SINGLE (Groundball, 34S) (infield hit) | | Batting: RHB Ron Cey | Pickoff Throw to First - Out! | | Top of the 7th over - 0 runs, 1 hit, 0 errors, 0 left on base; Baltimore 1 - New York 2 | | BOTTOM OF THE 7TH |
|---|
| New York Mets batting - Pitching for Baltimore Orioles : LHP Dave McNally | | Batting: RHB Joe Foy | 0-0: Fly out, F7 (Flyball, 7LS) | | Batting: SHB Bud Harrelson | 0-0: Ball 1-0: Ball 2-0: Foul Ball, location: 2F 2-1: Called Strike 2-2: Foul Ball, location: 2F 2-2: Foul Ball, location: 2F 2-2: Foul Ball, location: 2F 2-2: Fly out, F9 (Flyball, 9LSF) | | Batting: SHB Ken Singleton | 0-0: Swinging Strike 0-1: Ball 1-1: Foul Ball, location: 2F 1-2: Foul Ball, location: 2F 1-2: Ball 2-2: SINGLE (Groundball, 6S) (infield hit) | | Pinch Runner at 1st Norm Cash: | | | Batting: RHB Bobby Bonds | 0-0: Ball 1-0: Foul Ball, location: 2F 1-1: Called Strike 1-2: Fly out, F8 (Flyball, 8LM) | | Bottom of the 7th over - 0 runs, 1 hit, 0 errors, 1 left on base; Baltimore 1 - New York 2 | | TOP OF THE 8TH |
|---|
| Baltimore Orioles batting - Pitching for New York Mets : LHP Tommy John | | Now at 1B: Norm Cash | | | Batting: RHB Ron Cey | 0-0: Ball 1-0: Swinging Strike 1-1: Swinging Strike 1-2: Ball 2-2: Ground out 6-3 (Groundball, 6) | | Batting: LHB Dave May | 0-0: Ball 1-0: Ball 2-0: Fly out, F4 (Flyball, 34D) | | Batting: RHB Bobby Grich | 0-0: Called Strike 0-1: Called Strike 0-2: Ball 1-2: Strikes out swinging | | Top of the 8th over - 0 runs, 0 hits, 0 errors, 0 left on base; Baltimore 1 - New York 2 | | BOTTOM OF THE 8TH |
|---|
| New York Mets batting - Pitching for Baltimore Orioles : LHP Dave McNally | | Batting: RHB Leroy Stanton | 0-0: Ball 1-0: Foul Ball, location: 2F 1-1: Foul Ball, location: 2F 1-2: Ball 2-2: Strikes out swinging | | Batting: LHB Carlos May | 0-0: Ball 1-0: Ball 2-0: Called Strike 2-1: Called Strike 2-2: Foul Ball, location: 2F 2-2: Ball 3-2: Foul Ball, location: 2F 3-2: Fly out, F8 (Flyball, 8RS) | | Batting: LHB Jorge Orta | 0-0: Called Strike 0-1: Foul Ball, location: 2F 0-2: Strikes out looking | | Bottom of the 8th over - 0 runs, 0 hits, 0 errors, 0 left on base; Baltimore 1 - New York 2 | | TOP OF THE 9TH |
|---|
| Baltimore Orioles batting - Pitching for New York Mets : LHP Tommy John | | Pinch Hitting: RHB Dave Kingman | 0-0: Ground out 4-3 (Groundball, 4) | | Batting: RHB Lamar Johnson | 0-0: Called Strike 0-1: Ball 1-1: Called Strike 1-2: Foul Ball, location: 2F 1-2: Fly out, F6 (Line Drive, 56D) | | Batting: RHB Paul Blair | 0-0: Ground out 4-3 (Groundball, 4) | | Top of the 9th over - 0 runs, 0 hits, 0 errors, 0 left on base; Baltimore 1 - New York 2 | |